 Dungeon Crawl Stone Soup version 0.29.1-1-gd02db6906a (webtiles) character file.

Game seed: 14563294189316840504

21 concernfroge the Trooper (level 2, -1/25 HPs)
             Began as a Mummy Monk on Sept 18, 2022.
             Slain by an adder (3 damage)
             ... on level 1 of the Dungeon.
             The game lasted 00:03:35 (1072 turns).

concernfroge the Trooper (Mummy Monk)               Turns: 1072, Time: 00:03:36

Health: -1/25      AC:  2    Str: 14    XL:     2   Next: 65%
Magic:  2/2        EV:  9    Int:  9    God:
Gold:   79         SH:  0    Dex: 14    Spells: 1/1 levels left

rFire   x . .      SeeInvis .   e - +2 whip (venom)
rCold   + . .      Faith    .   (no shield)
rNeg    + + +      Spirit   .   b - +0 robe
rPois   ∞          Reflect  .   (no helmet)
rElec   .          Harm     .   (no cloak)
rCorr   .          Rampage  .   (no gloves)
Will    .....                   (no boots)
Stlth   ++........              c - amulet of magic regeneration
HPRegen 0.08/turn               (no ring)
MPRegen 0.48/turn               (no ring)

@: constricted
A: cold resistance 1, negative energy resistance 3, torment resistance 2, heat
vulnerability 1, no potions
a: no special abilities


You were on level 1 of the Dungeon.
You visited 1 branch of the dungeon, and saw 2 of its levels.

You collected 79 gold pieces.

Inventory:

Hand Weapons
 e - a +2 whip of venom (weapon)
Armour
 b - a +0 robe (worn)
Jewellery
 c - an amulet of magic regeneration (around neck)
Scrolls
 d - a scroll of magic mapping


   Skills:
 + Level 4.0 Fighting
 - Level 2.4 Polearms
 - Level 2.4 Dodging
 - Level 1.5 Stealth


You had one spell level left.
You didn't know any spells.
Your spell library was empty.

Dungeon Overview and Level Annotations

Branches:
Dungeon (2/15)

Altars:

Annotations:
D:2 Robin


Innate Abilities, Weirdness & Mutations

You are immune to poison.
Your flesh is cold resistant. (rC+)
You are immune to negative energy. (rN+++)
You are immune to unholy pain and torment.
You are vulnerable to heat. (rF-)
You do not drink.


Message History

Done exploring.
Your +2 whip of venom begins to drip with poison!
e - a +2 whip of venom (weapon)
You drop a +0 spear.
There is a stone staircase leading down here.
You see here 4 stones.
You see here a lumpy orange potion.
You see here a +0 dagger.
There is a stone staircase leading down here.
You climb downwards.
Level annotation: Robin
Found a runed dagger and 2 emerald potions.
Found a stone staircase leading down.
There is a stone staircase leading up here.
The adder hisses angrily.
The ball python hisses angrily.
You hear a shout!
You closely miss the adder. The adder bites you.
You barely miss the adder. The adder bites you.
A hobgoblin comes into view.
The adder bites you but does no damage.
You closely miss the adder. The ball python closely misses you.
The ball python grabs you. The ball python constricts you. The adder bites you.
You barely miss the ball python. The adder completely misses you.
The ball python bites you. The ball python constricts you.
The ball python's grasp on you weakens, but your attempt to escape fails.
The adder bites you but does no damage. The ball python bites you.
The ball python constricts you. The adder bites you.
The ball python barely misses you. The ball python constricts you.
You escape the ball python's grasp.
The adder bites you but does no damage.
You climb upwards.
There is a stone staircase leading down here.
You barely miss the ball python. The ball python misses you.
The ball python grabs you. The ball python constricts you.
The adder barely misses you. The ball python bites you.
* * * LOW HITPOINT WARNING * * *
The ball python constricts you.
* * * LOW HITPOINT WARNING * * *
You barely miss the ball python. The adder bites you.
* * * LOW HITPOINT WARNING * * *
The adder bites you.
You die...

########### #>........#
#.........# ###
#.........# ##.#######
#.........# .........##
#..S......# .#######..#
#.@.......# )#
##.#####.S.......## †#
#....##..........#### .##
#.##................#####
..##
#...............###......
...#
##...##+##......#########
##.# #...#...#...##...##
#.## #.###.⌠.###.####..##
#..######.#.......#.#
##..#


You could see an adder and a ball python.

Vanquished Creatures
  A dart slug (D:1)
  An endoplasm (D:2)
  2 giant cockroaches (D:1)
  2 goblins (D:1)
  3 hobgoblins
  2 kobolds (D:1)
  A quokka (D:1)
  2 ball pythons (D:1)
  A bat (D:1)
  2 frilled lizards (D:1)
17 creatures vanquished.

Notes
Turn   | Place    | Note
-------+----------+-------------------------------------------
     0 | D:1      | concernfroge the Mummy Monk began the quest for the Orb.
     0 | D:1      | Reached XP level 1. HP: 18/18 MP: 1/1
   266 | D:1      | Reached XP level 2. HP: 18/24 MP: 2/2
   503 | D:1      | Found a faded altar of an unknown god.
   652 | D:2      | Reached skill level 4 in Fighting
   750 | D:2      | Noticed Robin
  1072 | D:1      | Slain by an adder

Illustrated notes

Levels and vault maps discovered:
D:1:      dpeg_arrival_simpleton_c, layout_rooms,
          chequers_ecumenical_altar_simple_redux
D:2:      layout_rooms, uniq_jessica, uniq_terence, uniq_robin

Skill      XL: |  1  2 |
---------------+-------+-----
Fighting       | 4 |  4.0
Polearms       | |  2.4
Dodging        | |  2.4
Stealth        | |  1.5

Action                   || total
-------------------------++-------
Melee: Spear             ||    50
       Whip              ||     6
  Use: Scroll            ||     1
 Stab: Sleeping          ||     2
Armor: Robe              ||     7
Dodge: Dodged            ||    24
